 Dungeon Sprint DCSS version 0.18-a0-1788-g92de1ac (webtiles) character file.

284710 Moloch the Skullcrusher (level 13, 139/152 (153) HPs)
             Began as an Ogre Berserker on Apr 19, 2016.
             Was a High Priest of Trog.
             Escaped with the Orb!
             The game lasted 00:19:00 (4985 turns).

Moloch the Skullcrusher (Ogre Berserker)            Turns: 4985, Time: 00:19:00

HP:   139/152 (153) AC: 22    Str: 29    XL:     13   Next: 53%
MP:   5/5           EV: 10    Int:  4    God:    Trog [*****.]
Gold: 909           SH:  0    Dex: 10    Spells: 0 memorised, 12 levels left

rFire  + . .     SeeInvis .     c - +4 giant spiked club (antimagic)
rCold  + . .     Gourm    .     q - +0 storm dragon armour of the Other Side {rElec rPois rC+ Dex+3}
rNeg   + . .     Faith    .     (shield currently unavailable)
rPois  +         Spirit   .     (helmet restricted)
rElec  +         Dismiss  .     f - +4 dragonskin cloak
rCorr  .         Reflect  .     (gloves unavailable)
SustAt .         Harm     .     (boots unavailable)
MR     +....     NoTele   +     (no amulet)
Stlth  ..........               b - ring of flight
                                s - ring of protection from fire

@: studying Shields, somewhat resistant to hostile enchantments, extremely
unstealthy
A: unfitting armour, clumsy 1, deterioration 2, dopey 1, frail 1, slow
regeneration 1, tough skin 1
a: Berserk, Trog's Hand, Brothers in Arms, Burn Spellbooks, Renounce Religion,
Evoke Flight
0: Orb of Zot


You escaped.
You worshipped Trog.
Trog was extremely pleased with you.
You were full.

You visited 1 branch You collected 3602 gold pieces.
You spent 2693 gold pieces at shops.

Inventory:

Hand Weapons
 c - a +4 antimagic giant spiked club (weapon)
 n - a +1 great mace of protection
Armour
 f - the +4 dragonskin cloak (worn)
   (You took it off Tiamat in the Dungeon)
 q - the +0 storm dragon armour of the Other Side (worn) {rElec rPois rC+ Dex+3}
   (You bought it in a shop in the Dungeon)

   It affects your dexterity (+3).
   It protects you from cold.
   It insulates you from electricity.
   It protects you from poison.
 v - a +0 large shield
Jewellery
 b - a ring of flight (right hand)
 s - a ring of protection from fire (left hand)
Wands
 m - a wand of lightning (9/15)
 u - a wand of disintegration (6/24)
Scrolls
 i - 2 scrolls of blinking
 k - a scroll of fear {unknown}
 p - a scroll of amnesia {unknown}
 t - a scroll of enchant armour {unknown}
 y - a scroll of immolation {unknown}
Potions
 d - 5 potions of curing
 e - a potion of heal wounds
 g - 2 potions of magic
 h - a potion of berserk rage
 j - a potion of resistance {unknown}
 o - a potion of lignification {unknown}
 r - a potion of haste
Books
 a - a manual of Shields
Miscellaneous
 w - a phantom mirror


   Skills:
 + Level 22.0 Fighting
 O Level 27 Maces & Flails
 * Level 12.9 Armour
 - Level 9.4 Dodging
 * Level 5.8 Evocations


You had 12 spell levels left.
You didn't know any spells.

Dungeon Overview and Level Annotations

Branches:
Dungeon (1/1)

Altars:
Cheibriados
Dithmenos
Elyvilon
Fedhas
Gozag
Kikubaaqudgha
Makhleb
Nemelex Xobeh
Okawaru
Pakellas
Qazlal
Ru
Sif Muna
Trog
Vehumet
Xom
Yredelemnul
Zin
The Shining One
Jiyva

Shops:
D }*[%[=*[**=[:%(?}[*[=


Innate Abilities, Weirdness & Mutations

You are too large for most types of armour.
You have tough skin (AC +1).
You are clumsy. (Dex -2)
Your body often deteriorates upon taking damage.
You are dopey. (Int -2)
You are frail (-10% HP).
You regenerate slowly when monsters are visible.


Message History

an uncursed shortbow; 15 arrows
There is an open door here.
Things that are here:
a scythe; a robe
There is an open door, spattered with blood here.
The hellwing swoops through the air toward you!
The hellwing misses you.
The hellwing hits you but does no damage.
You closely miss the hellwing.
The hellwing hits you but does no damage. x2
The hellwing closely misses you. The hellwing misses you.
The hellwing hits you.
The hellwing hits you but does no damage.
There is an open door here.
You see here a leather armour.
There is an open door here.
You close the door.
A hellwing opens the door.
There is a staircase leading out of the dungeon here.
You have escaped!

##################
#@.#..'..#..'..#__
#..4[.#..').#.))..
#..#####)#####)#__
#..####..#...#.###
#..#__####..##§#≈§
#..#_.___##'#.§§§§
#⌠⌠#_.∩..)'..._#§§
####_..._##_.#'##§
#_____###'#.#..


You could see a hellwing.

Vanquished Creatures
  A golden dragon (D)
  A daeva (D)
  4 fire giants (D)
  A deep elf annihilator (D)
  A hydra (D)
  2 centaur warriors (D)
  Sonja (D)
  7 unseen horrors (D)
  A lindwurm (D)
  A deep troll (D)
  An oklob plant (D)
  3 shining eyes (D)
  A siren (D)
  A gargoyle (D)
  4 demonic crawlers (D)
  2 kobold demonologists (D)
  A hellwing (D)
  A slime creature (D)
  Sigmund (D)
  2 redbacks (D)
  A yak (D)
  8 hogs (D)
  3 giant eyeballs (D)
  A wasp (D)
  7 necrophages (D)
  An ogre (D)
  8 jellies (D)
  Ijyb (D)
  4 ballistomycetes (D)
71 creatures vanquished.

Vanquished Creatures (collateral kills)
  Tiamat (D)
  A shadow dragon (D)
  5 shining eyes (D)
  5 hogs (D)
  4 giant eyeballs (D)
16 creatures vanquished.

Vanquished Creatures (others)
  A siren (D)
  A gargoyle (D)
  3 wasps (D)
  2 giant spores (D)
7 creatures vanquished.

Grand Total: 94 creatures vanquished

Notes
Turn   | Place    | Note
--------------------------------------------------------------
     0 | D        | Moloch the Ogre Berserker began the quest for the Orb.
     0 | D        | Reached XP level 1. HP: 24/24 MP: 1/1
     2 | D        | Noticed Ijyb
    15 | D        | Killed Ijyb
    15 | D        | Reached skill level 8 in Maces & Flails
    15 | D        | Reached XP level 2. HP: 28/32 MP: 2/2
    15 | D        | Reached XP level 3. HP: 34/39 MP: 3/3
    49 | D        | Noticed an ogre
    54 | D        | Killed an ogre
    54 | D        | Reached ** piety under Trog
    54 | D        | Reached skill level 11 in Maces & Flails
    54 | D        | Reached XP level 4. HP: 53/53 MP: 4/4
   103 | D        | Noticed Sigmund
   107 | D        | Killed Sigmund
   107 | D        | Reached skill level 13 in Maces & Flails
   107 | D        | Reached XP level 5. HP: 40/66 MP: 5/5
   107 | D        | Reached XP level 6. HP: 45/74 MP: 6/6
   230 | D        | Found a deep blue altar of Sif Muna.
   232 | D        | Found a radiant altar of Vehumet.
   235 | D        | Reached skill level 14 in Maces & Flails
   267 | D        | Found Woucoop's Food Emporium.
   267 | D        | Found a white marble altar of Elyvilon.
   267 | D        | Found a stormy altar of Qazlal.
   267 | D        | Found a burning altar of Makhleb.
   267 | D        | Found a sacrificial altar of Ru.
   267 | D        | Found an oddly glowing altar of Pakellas.
   267 | D        | Found a basalt altar of Yredelemnul.
   267 | D        | Found a glowing golden altar of the Shining One.
   267 | D        | Found a sparkling altar of Nemelex Xobeh.
   267 | D        | Found a shimmering altar of Xom.
   267 | D        | Found an opulent altar of Gozag.
   267 | D        | Found an ancient bone altar of Kikubaaqudgha.
   267 | D        | Found a glowing silver altar of Zin.
   267 | D        | Noticed a yak
   272 | D        | Killed a yak
   272 | D        | Reached *** piety under Trog
   272 | D        | Reached skill level 10 in Fighting
   272 | D        | Reached skill level 15 in Maces & Flails
   272 | D        | Reached XP level 7. HP: 54/85 MP: 7/7
   273 | D        | Found an iron altar of Okawaru.
   274 | D        | Found a bloodstained altar of Trog.
   278 | D        | Bought a meat ration for 50 gold pieces
   278 | D        | Bought a meat ration for 50 gold pieces
   278 | D        | Bought a meat ration for 50 gold pieces
   398 | D        | Found a viscous altar of Jiyva.
   398 | D        | Found a blossoming altar of Fedhas.
   398 | D        | Noticed a slime creature
   399 | D        | Found a snail-covered altar of Cheibriados.
   399 | D        | Found a shadowy altar of Dithmenos.
   404 | D        | Killed a slime creature
   404 | D        | Reached skill level 16 in Maces & Flails
   485 | D        | Noticed a kobold demonologist
   486 | D        | Noticed a kobold demonologist
   488 | D        | Killed a kobold demonologist
   488 | D        | Reached skill level 17 in Maces & Flails
   488 | D        | Reached XP level 8. HP: 98/98 MP: 8/8
   489 | D        | Killed a kobold demonologist
   489 | D        | Reached **** piety under Trog
   489 | D        | Reached skill level 18 in Maces & Flails
   489 | D        | Paralysed by a giant eyeball for 4 turns
   539 | D        | Noticed Sonja
   558 | D        | Killed Sonja
   558 | D        | Reached skill level 19 in Maces & Flails
   852 | D        | Noticed a demonic crawler
   852 | D        | Noticed a demonic crawler
   852 | D        | Noticed a demonic crawler
   852 | D        | Noticed a demonic crawler
   857 | D        | Killed a demonic crawler
   857 | D        | Reached skill level 20 in Maces & Flails
   857 | D        | Reached skill level 1 in Armour
   857 | D        | Reached XP level 9. HP: 110/110 MP: 9/9
   861 | D        | Killed a demonic crawler
   867 | D        | Killed a demonic crawler
   973 | D        | Killed a demonic crawler
   973 | D        | Reached skill level 21 in Maces & Flails
  1021 | D        | Noticed a gargoyle
  1030 | D        | Killed a gargoyle
  1030 | D        | Reached skill level 5 in Dodging
  1053 | D        | Noticed a lindwurm
  1059 | D        | Killed a lindwurm
  1059 | D        | Reached ***** piety under Trog
  1059 | D        | Reached XP level 10. HP: 123/123 MP: 10/10
  1128 | D        | Reached skill level 22 in Maces & Flails
  1131 | D        | Received a gift from Trog
  1138 | D        | Reached skill level 15 in Fighting
  1160 | D        | Received a gift from Trog
  1489 | D        | Noticed a 12-headed hydra
  1492 | D        | Killed a 12-headed hydra
  1492 | D        | Reached skill level 23 in Maces & Flails
  1807 | D        | Bought a bread ration for 50 gold pieces
  1807 | D        | Bought a bread ration for 50 gold pieces
  1807 | D        | Bought a bread ration for 50 gold pieces
  1863 | D        | Noticed a centaur warrior
  1864 | D        | Noticed a centaur warrior
  1873 | D        | Killed a centaur warrior
  1873 | D        | Reached skill level 5 in Armour
  1876 | D        | Killed a centaur warrior
  1876 | D        | Received a gift from Trog
  1876 | D        | Reached XP level 11. HP: 107/135 MP: 11/11
  1904 | D        | Got an ichor-stained halberd {god gift}
  2080 | D        | Noticed an oklob plant
  2086 | D        | Killed an oklob plant
  2137 | D        | Noticed a deep troll
  2143 | D        | Killed a deep troll
  2143 | D        | Reached skill level 24 in Maces & Flails
  2209 | D        | Found Rician's Armour Emporium.
  2228 | D        | Found Wibudgh's Gadget Boutique.
  2246 | D        | Noticed a shining eye
  2246 | D        | Noticed a shining eye
  2247 | D        | Noticed a shining eye
  2247 | D        | Noticed a shining eye
  2247 | D        | Noticed a shining eye
  2247 | D        | Noticed a shining eye
  2247 | D        | Gained mutation: You are clumsy. (Dex -2) [a shining eye]
  2248 | D        | Gained mutation: Your body sometimes deteriorates upon taking damage. [a shining eye]
  2249 | D        | Killed a shining eye
  2253 | D        | Killed a shining eye
  2253 | D        | Received a gift from Trog
  2254 | D        | Killed a shining eye
  2254 | D        | Gained mutation: Your body often deteriorates upon taking damage. [a shining eye]
  2257 | D        | Killed a shining eye
  2258 | D        | Noticed a shining eye
  2258 | D        | Noticed a shining eye
  2258 | D        | Killed a shining eye
  2258 | D        | Killed a shining eye
  2259 | D        | Paralysed by a giant eyeball for 2 turns
  2262 | D        | Gained mutation: You are frail (-10% HP). [a shining eye]
  2262 | D        | Gained mutation: You are dopey. (Int -2) [a shining eye]
  2264 | D        | Gained mutation: You regenerate slowly when monsters are visible. [a shining eye]
  2268 | D        | Killed a shining eye
  2268 | D        | Received a gift from Trog
  2269 | D        | Killed a shining eye
  2273 | D        | Found Said Agoef's Armour Shop.
  2273 | D        | Found Kythro's General Store.
  2273 | D        | Found Touth's Jewellery Boutique.
  2273 | D        | Found Gaump's Antique Armour Emporium.
  2497 | D        | Reached skill level 25 in Maces & Flails
  2937 | D        | Killed an unseen horror
  2960 | D        | Killed an unseen horror
  3150 | D        | Reached ****** piety under Trog
  3151 | D        | Received a gift from Trog
  3313 | D        | Got a polished quarterstaff
  3314 | D        | Identified the +1 quarterstaff "Ykuer" {holy, +Rage rC- Dex+7} (You found it in the Dungeon)
  3325 | D        | Found Byuriez's Armour Shoppe.
  3325 | D        | Found Zook's General Store.
  3325 | D        | Found Linac's Assorted Antiques.
  3327 | D        | Found Kiut's General Store.
  3327 | D        | Found Wuekuizu's Jewellery Shop.
  3327 | D        | Found Ynuihin's Antique Armour Shoppe.
  3327 | D        | Found Wodd's Book Boutique.
  3327 | D        | Found Sippadif's Food Emporium.
  3327 | D        | Found Jegown Yfiar's Antique Weapon Shop.
  3327 | D        | Found Enaottad's Magic Scroll Shoppe.
  3331 | D        | Found Myerch's Gadget Boutique.
  3332 | D        | Found Qoush's General Store.
  3332 | D        | Found Qois's Antique Armour Boutique.
  3333 | D        | Found Donkoleg's Jewellery Emporium.
  3343 | D        | Bought a brightly glowing storm dragon armour for 1445 gold pieces
  3343 | D        | Bought a runed cloak for 76 gold pieces
  3353 | D        | Identified the +0 storm dragon armour of the Other Side {rElec rPois rC+ Dex+3} (You bought it in a shop in the Dungeon)
  3354 | D        | Bought an uncursed ring of protection from fire for 325 gold pieces
  3416 | D        | Noticed a daeva
  3420 | D        | Noticed an unseen horror
  3421 | D        | Killed an unseen horror
  3421 | D        | Reached XP level 12. HP: 119/132 MP: 12/12
  3427 | D        | Reached skill level 26 in Maces & Flails
  3654 | D        | Noticed a deep elf annihilator
  3668 | D        | Received a gift from Trog
  3710 | D        | Noticed a shadow dragon
  3711 | D        | Noticed a golden dragon
  3725 | D        | Killed a golden dragon
  3725 | D        | Reached skill level 27 in Maces & Flails
  3727 | D        | Killed a shadow dragon
  3886 | D        | Bought a wand of disintegration (9/24) for 130 gold pieces
  3897 | D        | Killed a deep elf annihilator
  3897 | D        | Received a gift from Trog
  3963 | D        | Killed a daeva
  3963 | D        | Reached skill level 10 in Armour
  4112 | D        | Noticed a fire giant
  4129 | D        | Noticed a fire giant
  4130 | D        | Killed a fire giant
  4130 | D        | Reached skill level 1 in Evocations
  4138 | D        | Killed a fire giant
  4138 | D        | Received a gift from Trog
  4138 | D        | Reached XP level 13. HP: 132/149 MP: 12/15
  4250 | D        | Noticed a fire giant
  4294 | D        | Killed a fire giant
  4366 | D        | Noticed a fire giant
  4383 | D        | Killed a fire giant
  4440 | D        | Noticed Tiamat
  4476 | D        | Killed Tiamat
  4476 | D        | Reached skill level 5 in Evocations
  4592 | D        | Bought an uncursed ring of flight for 227 gold pieces
  4820 | D        | Bought a potion of haste for 190 gold pieces
  4910 | D        | Got the Orb of Zot
  4985 | D        | Escaped with the Orb!

Vault maps used:
D:        dungeon_sprint_1

Skill      XL: |  1  2  3  4  5  6  7  8  9 10 11 12 13 |
---------------+----------------------------------------+-----
Maces & Flails | 8 11 13 15 17 20 21 23 25 27 | 27.0
Fighting       | 6 8 10 11 13 14 16 17 20 22 | 22.0
Armour         | 1 3 5 7 11 12 | 12.9
Dodging        | 3 5 7 9 |  9.4
Evocations     | 2 5 |  5.8

Action                   |  1- 3 |  4- 6 |  7- 9 | 10-12 | 13-15 || total
-------------------------+-------+-------+-------+-------+-------++-------
Melee: Mace              |    16 |       |       |       |       ||    16
       Giant club        |       |    11 |    34 |    58 |       ||   103
       Great mace        |       |       |       |    96 |     7 ||   103
       Giant spiked club |       |       |       |    35 |    18 ||    53
Invok: Berserk           |     1 |       |     6 |     9 |     3 ||    19
       Brothers in Arms  |       |       |     2 |     4 |     4 ||    10
 Abil: Evoke Flight      |       |       |       |       |     1 ||     1
Evoke: Wand              |       |       |       |     1 |     2 ||     3
  Use: Potion            |       |       |       |       |     1 ||     1
  Eat: Royal jelly       |       |       |     1 |       |       ||     1
       Bread ration      |       |       |     1 |     3 |       ||     4
       Meat ration       |       |       |       |     2 |     1 ||     3
       Chunk             |       |       |       |       |     4 ||     4
Armor: Animal skin       |     2 |     2 |     8 |    14 |       ||    26
       Storm dragon armo |       |       |       |    38 |    15 ||    53
Dodge: Dodged            |    10 |       |    22 |    60 |     9 ||   101
